 Dungeon Crawl Stone Soup version 0.26-a0-812-g31a745ddcd (webtiles) character file.

Game seed: 11136038137130535805

501 HoaS the Cudgeller (level 7, -3/41 HPs)
             Began as a Gargoyle Fighter on Dec 3, 2020.
             Was an Initiate of Makhleb.
             Slain by an unseen horror (5 damage)
             ... on level 6 of the Dungeon.
             The game lasted 00:06:24 (2182 turns).

HoaS the Cudgeller (Gargoyle Fighter)               Turns: 2182, Time: 00:06:24

Health: -3/41      AC: 22    Str: 21    XL:     7   Next: 17%
Magic:  7/7        EV:  5    Int:  9    God:    Makhleb [......]
Gold:   117        SH: 10    Dex:  9    Spells: 6/6 levels left

rFire    . . .     SeeInvis .   a - +0 flail
rCold    . . .     Faith    .   c - +0 kite shield
rNeg     + . .     Spirit   .   k - +0 chain mail
rPois    ∞         Reflect  .   m - +2 helmet
rElec    +         Harm     .   j - +1 cloak {Stlth+}
rCorr    .         Rampage  .   (no gloves)
MR       .....                  f - +2 pair of boots
Stlth    ..........             (no amulet)
HPRegen  0.13/turn              (no ring)
MPRegen  0.10/turn              (no ring)

@: no status effects
A: negative energy resistance 1, electricity resistance, unbreathing,
petrification resistance, rot immunity, AC +4
a: Renounce Religion


You were on level 6 of the Dungeon.
You worshipped Makhleb.
Makhleb was noncommittal.
You visited 2 branches of the dungeon, and saw 5 of its levels.

You collected 117 gold pieces.

Inventory:

Hand Weapons
 a - a +0 flail (weapon)
Armour
 c - a +0 kite shield (worn)
 f - a +2 pair of boots (worn)
 j - a +1 cloak of stealth (worn)
 k - a +0 chain mail (worn)
 m - a +2 helmet (worn)
Scrolls
 b - a scroll of identify
 e - a scroll of fog
 p - 2 scrolls of enchant armour
Potions
 d - a potion of might
 g - a potion of curing
 h - a potion of cancellation {unknown}
 i - a potion of resistance {unknown}
 q - a potion of brilliance {unknown}


   Skills:
 - Level 3.2 Fighting
 * Level 6.3 Maces & Flails
 - Level 3.2 Armour
 + Level 5.6 Shields


You had 6 spell levels left.
You didn't know any spells.
Your spell library was empty.

Dungeon Overview and Level Annotations

Branches:
Dungeon (6/15)             Temple (1/1) D:6

Altars:
Cheibriados
Elyvilon
Fedhas
Makhleb
Qazlal
Trog
Uskayaw
Vehumet
Wu Jian
Zin
The Shining One


Innate Abilities, Weirdness & Mutations

You are resistant to torment.
Your stone body is resilient. (AC +4)
You are immune to poison.
You resist negative energy. (rN+)
You are resistant to electric shocks. (rElec)
You can survive without breathing.
You are immune to petrification.
You are immune to rotting.


Message History

You closely miss something. Something hits you but does no damage.
You swing at nothing.
Something completely misses you. Something hits you but does no damage.
You barely miss something. Something hits you but does no damage.
You swing at nothing.
Something hits you but does no damage.
You swing at nothing.
You block something's attack.
You miss something. Something hits you but does no damage.
You miss something. Something hits you. You block something's attack.
Something hits you.
You swing at nothing.
Something hits you but does no damage.
You swing at nothing.
Something hits you but does no damage. You block something's attack.
You hit something. Something hits you. x2
* * * LOW HITPOINT WARNING * * *
You closely miss something.
Something hits you but does no damage. x2
Something hits you!
* * * LOW HITPOINT WARNING * * *
You miss something. Something hits you but does no damage.
You swing at nothing.
Something hits you.
You die...

########
#......##
#.......# .
#@####..#
....####.####..#
.........##....#
#.######.##.##.#
# #.##.##.# #.
#.##.##.# ##'#
#.......#
##...##
####.####
##.....## #.#


There were no monsters in sight!

Vanquished Creatures
  Duvessa (D:6)
  A sky beast (D:6)
  An ogre (D:6)
  A bullfrog (D:6)
  Dowan (D:6)
  Robin (D:2)
  3 adders
  A worm (D:2)
  2 leopard geckos
  4 orcs
  2 ball pythons (D:1)
  5 bats
  A giant cockroach (D:1)
  3 hobgoblins
  3 jackals (D:1)
  2 frilled lizards
  15 goblins
  4 kobolds
  4 rats
55 creatures vanquished.

Notes
Turn   | Place    | Note
-------+----------+-------------------------------------------
     0 | D:1      | HoaS the Gargoyle Fighter began the quest for the Orb.
     0 | D:1      | Reached XP level 1. HP: 14/14 MP: 1/1
   214 | D:1      | Reached XP level 2. HP: 15/19 MP: 2/2
   567 | D:1      | Reached skill level 3 in Maces & Flails
   572 | D:1      | Reached XP level 3. HP: 22/23 MP: 3/3
   896 | D:2      | Noticed Robin
   988 | D:2      | Killed Robin
   988 | D:2      | Reached XP level 4. HP: 15/28 MP: 4/4
  1730 | D:3      | Reached skill level 4 in Maces & Flails
  1805 | D:3      | You fall into a shaft and drop 3 floors!
  1819 | D:6      | Noticed a sky beast
  1827 | D:6      | Killed a sky beast
  1827 | D:6      | Reached XP level 5. HP: 32/32 MP: 5/5
  1840 | D:6      | Noticed Dowan
  1842 | D:6      | Noticed Duvessa
  1862 | D:6      | Killed Duvessa
  1862 | D:6      | Reached skill level 5 in Maces & Flails
  1862 | D:6      | Reached skill level 5 in Shields
  1862 | D:6      | Reached XP level 6. HP: 35/37 MP: 6/6
  1874 | D:6      | Killed Dowan
  1879 | D:6      | Found a staircase to the Ecumenical Temple.
  1888 | Temple   | Entered the Ecumenical Temple
  2027 | Temple   | Became a worshipper of Makhleb the Destroyer
  2060 | D:6      | Reached skill level 6 in Maces & Flails
  2060 | D:6      | Reached XP level 7. HP: 41/41 MP: 7/7
  2180 | D:6      | HP: 1/41 [something (7)]
  2182 | D:6      | Slain by an unseen horror

Illustrated notes

Levels and vault maps discovered:
D:1:      dpeg_arrival_castle, layout_basic
D:2:      layout_basic, st_stairs_11, uniq_robin
D:3:      layout_loops_cross, marbit_many_paths, lemuel_coloured_pillars_altar,
          grunt_temple_overflow_open, cheibrodos_sewer_entry_sluice,
          ebering_ghost_sewer_d, grunt_dithmenos_smoke, uniq_jessica
D:6:      layout_loops_corners, minmay_temple_entry_stoned_glass, uniq_duvessa
Temple:   jpeg_temple_clearing

Skill      XL: |  1  2  3  4  5  6 |
---------------+-------------------+-----
Maces & Flails | 3 4 5 6 |  6.3
Shields        | 4 5 |  5.6
Fighting       | |  3.2
Armour         | |  3.2

Action                   |  1- 3 |  4- 6 |  7- 9 || total
-------------------------+-------+-------+-------++-------
Melee: Flail             |   177 |    81 |    44 ||   302
  Use: Scroll            |       |     9 |       ||     9
       Potion            |       |     1 |       ||     1
Armor: Scale mail        |    62 |       |       ||    62
       Chain mail        |    57 |    36 |    66 ||   159
Dodge: Dodged            |    51 |    15 |     6 ||    72
Block: Kite shield       |   108 |    51 |    21 ||   180

Table legend: (Time is in decaauts)
 A = Elapsed time spent in this place.
 B = Non-inter-level travel time spent in this place.
 C = Inter-level travel time spent in this place.
 D = Time resting spent in this place.
 E = Time spent auto-exploring this place.
 F = Levels seen in this place.
 G = Mean time per level.
                   A        B        C        D        E       F      G
               +--------+--------+--------+--------+--------+-----+--------+
         Total |   2279 |   2194 |     85 |    147 |   1357 |   5 |  455.8 |
       Dungeon |   2124 |   2059 |     65 |    126 |   1254 |   4 |  531.0 |
        Temple |    155 |    135 |     20 |     21 |    103 |   1 |  155.0 |
               +--------+--------+--------+--------+--------+-----+--------+

Top non-repeatable levels by time:
     D:2: 890 daAuts
     D:1: 875 daAuts
     D:6: 239 daAuts
  Temple: 155 daAuts
     D:3: 118 daAuts
